 Dungeon Crawl Stone Soup version 0.30.1-9-gdf580d7c3d (webtiles) character file.

Game seed: 10265114115908495137

606025 unlimited1921 the Hoplite (level 27, -1/180 (183) HPs)
             Began as a Djinni Fire Elementalist on Sept 25, 2023.
             Was a High Priest of Ashenzari.
             Killed by divine providence
             ... invoked by a royal mummy
              (14 damage)
             ... on level 2 of the Tomb of the Ancients on Sept 29, 2023.
             The game lasted 16:47:20 (104403 turns).

unlimited1921 the Hoplite (DjFE)                  Turns: 104403, Time: 16:47:21

HP:   -1/180 (183)  AC: 33    Str: 11      XL:     27
Gold: 2990          EV: 38    Int: 24 (27) God:    Ashenzari [*****.] SH: 30 Dex: 15 (20)

rFire   + + .        W - +3 Elemental Staff {rElec rF+ rC+ AC+3, Self, Evo} (curse)
rCold   + + .        Y - +5 tower shield
rNeg    . . .        n - +5 faerie dragon scales {rF- Regen+ rCorr Int+4, Evo, Fort} (curse)
rPois   ∞            T - +0 helmet "Clairvoyant Servitude" {rElec rC+, Evo, Self} (curse)
rElec   +            Z - +2 cloak "Elysian Fanaticism" {rCorr, Self, Melee} (curse)
rCorr   +            E - +2 pair of gloves "I Knew You'd Do That" {Cun, Evo} (curse)
SInv    +            (boots unavailable)
Will    +++..        m - amulet "Ruined With Me" {Acrobat, Fort, Self} (curse)
Stlth   ++++++       z - ring "At What Cost Knowledge?" {AC+4, Self, Evo} (curse)
HPRegen 1.30/turn    p - ring of Ashenzari's Oracle {rC+ Will+, Melee, Self} (curse)
MPRegen 0.00/turn

%: acrobat, clarity, infuse magic (-2 HP)
@: on death's door cooldown, acrobatic, flying, hasted and slowed, studying 2
skills, lightly drained
A: sickness immunity, fire resistance 2, cold vulnerability 1, float, innate
caster, HP casting, extra vitality 1, strong 1
}: 4/15 runes: serpentine, barnacled, slimy, silver
a: Renounce Religion, Curse Item, Shatter the Chains


You were on level 2 of the Tomb of the Ancients.
You worshipped Ashenzari.
Ashenzari was extremely pleased with you.
You visited 12 branches of the dungeon, and saw 53 of its levels.

You collected 8007 gold pieces.
You spent 5017 gold pieces at shops.

Inventory:

Hand Weapons
 W - the cursed +3 Elemental Staff (weapon) {rElec rF+ rC+ AC+3, Self, Evo}
   (You acquired it on level 4 of the Lair of Beasts)

   It enhances your fire, ice, earth and air magic.
   AC:        It affects your AC (+3).
   rF:        It protects you from fire.
   rC:        It protects you from cold.
   rElec:     It insulates you from electricity.
   It has a curse which improves the following skills: Introspection: Fighting
   and Spellcasting.
   Evocations: Evocations.
Missiles
 S - 22 atropa-tipped darts
Armour
 n - the cursed +5 faerie dragon scales (worn) {rF- Regen+ rCorr Int+4, Evo, Fort}
   (You took it off the Enchantress on level 2 of the Depths)

   Int:       It affects your intelligence (+4).
   rF:        It makes you vulnerable to fire.
   Regen:     It increases your rate of health regeneration.
   rCorr:     It protects you from acid and corrosion.
   It has a curse which improves the following skills: Evocations: Evocations.
   Fortitude: Armour and Shields.
 q - the +0 cloak of Deturch {rElec Will++ Regen+ MP-9}
   (You found it on level 2 of the Depths)

   rElec:     It insulates you from electricity.
   MP:        It affects your magic capacity (-9).
   Regen:     It increases your rate of health regeneration.
   Will:      It greatly increases your willpower.
 E - the cursed +2 pair of gloves "I Knew You'd Do That" (worn) {Cun, Evo}
   (You bought it in a shop on level 2 of the Vaults)

   It has a curse which improves the following skills: Cunning: Dodging and
   Stealth.
   Evocations: Evocations.
 T - the cursed +0 helmet "Clairvoyant Servitude" (worn) {rElec rC+, Evo, Self}
   (You found it on level 2 of the Shoals)

   rC:        It protects you from cold.
   rElec:     It insulates you from electricity.
   It has a curse which improves the following skills: Evocations: Evocations.
   Introspection: Fighting and Spellcasting.
 Y - a +5 tower shield (worn)
 Z - the cursed +2 cloak "Elysian Fanaticism" (worn) {rCorr, Self, Melee}
   (You bought it in a shop on level 4 of the Shoals)

   It has a curse which improves the following skills: Introspection: Fighting
   and Spellcasting.
   Melee Combat: Short Blades, Long Blades, Axes, Maces & Flails, Polearms,
   Staves and Unarmed Combat.
Jewellery
 m - the cursed amulet "Ruined With Me" (around neck) {Acrobat, Fort, Self}
   (You bought it in a shop on level 2 of the Orcish Mines)

   [amulet of the acrobat]

   It increases your evasion while moving and waiting.
   It has a curse which improves the following skills: Fortitude: Armour and
   Shields.
   Introspection: Fighting and Spellcasting.
 p - the cursed ring of Ashenzari's Oracle (right hand) {rC+ Will+, Melee, Self}
   (You found it on level 4 of the Shoals)

   [ring of willpower]

   rC:        It protects you from cold.
   Will:      It increases your willpower.
   It has a curse which improves the following skills: Melee Combat: Short
   Blades, Long Blades, Axes, Maces & Flails, Polearms, Staves and Unarmed
   Combat.
   Introspection: Fighting and Spellcasting.
 z - the cursed ring "At What Cost Knowledge?" (left hand) {AC+4, Self, Evo}
   (You found it on level 8 of the Dungeon)

   [ring of protection]

   AC:        It affects your AC (+4).
   It has a curse which improves the following skills: Introspection: Fighting
   and Spellcasting.
   Evocations: Evocations.
Wands
 r - a wand of charming (65)
 s - a wand of mindburst (43)
 H - a wand of roots (57)
 J - a wand of acid (34) (quivered)
 P - a wand of digging (11)
 Q - a wand of polymorph (24)
Scrolls
 d - 15 scrolls of poison
 e - 8 scrolls of magic mapping
 h - 18 scrolls of teleportation
 v - 10 scrolls of fog
 A - 9 scrolls of blinking
 C - a scroll of summoning
 D - a scroll of acquirement
 K - 3 scrolls of silence
 X - 7 scrolls of fear
Potions
 j - 18 potions of brilliance
 o - 8 potions of cancellation
 u - 6 potions of invisibility
 x - 19 potions of curing
 B - 3 potions of haste
 F - 2 potions of heal wounds
 G - 4 potions of ambrosia
 M - 5 potions of might
 N - 3 potions of resistance
 O - 6 potions of berserk rage
 U - 11 potions of lignification
Miscellaneous
 a - a phial of floods
 c - a lightning rod (3/4)
 f - a phantom mirror


   Skills:
 + Level 6.5(12.9) Fighting
 + Level 2.1(4.5) Long Blades
 + Level 1.5(3.6) Axes
 - Level 3.7(6.5) Staves
 + Level 1.4 Ranged Weapons
 * Level 18.5(21.4) Armour
 * Level 21.8(23.6) Dodging
 * Level 13.7(15.7) Stealth
 - Level 24.3(27) Shields
 - Level 5.5(8.6) Unarmed Combat
 - Level 20.9(27) Spellcasting
 + Level 13.5(19.3) Evocations


You knew the following spells:

 Your Spells              Type           Power      Damage    Failure   Level
a - Foxfire               Conj/Fire      100%       2x1d9     0%          1
b - Scorch                Fire           100%       2d9       0%          2
c - Volatile Blastmotes   Fire/Tloc      100%       2d18      0%          3
d - Inner Flame           Hex/Fire       100%       N/A       0%          3
e - Flame Wave            Conj/Fire      100%       2d21      0%          4
f - Shock                 Conj/Air       100%       1d9       0%          1
g - Passwall              Tmut/Erth      100%       N/A       0%          2
h - Call Imp              Summ           100%       N/A       0%          2
i - Portal Projectile     Hex/Tloc       100%       N/A       0%          3
j - Blade Hands           Tmut           52%        N/A       0%          5
k - Summon Mana Viper     Hex/Summ       100%       N/A       0%          5
l - Iron Shot             Conj/Erth      63%        9d12      0%          6
m - Dispersal             Tloc           52%        N/A       0%          6
n - Starburst             Conj/Fire      63%        6d17      0%          6
o - Spellforged Servitor  Conj/Summ      52%        N/A       0%          7
p - Storm Form            Tmut/Air       63%        N/A       0%          7
q - Discord               Hex            52%        N/A       1%          8
r - Death's Door          Necr           52%        N/A       1%          9
Your spell library was empty.

Dungeon Overview and Level Annotations

Branches:
Dungeon (15/15)            Temple (1/1) D:4            Lair (5/5) D:8
 Shoals (4/4) Lair:2        Snake (4/4) Lair:3        Slime (5/5) Lair:5
    Orc (2/2) D:12            Elf (3/3) Orc:2        Vaults (5/5) D:13
  Crypt (3/3) Vaults:2       Tomb (2/3) Crypt:3      Depths (4/4) D:15
    Zot (0/5) Depths:4

Altars:
Ashenzari
Cheibriados
Dithmenos
Elyvilon
Fedhas
Gozag
Hepliaklqana
Makhleb
Nemelex Xobeh
Okawaru
Qazlal
Ru
Trog
Uskayaw
Wu Jian
Xom
Yredelemnul
Zin
The Shining One
Jiyva

Shops:
D:12 **   Orc:1 [   Orc:2 =*[([(?*   Shoals:4 [   Vaults:1 (   Vaults:2 *!*?
Vaults:4 *[?   Vaults:5 =   Depths:1 [   Depths:2 ?!:(

Portals:
Hell: Depths:1 Depths:2 Depths:3 Depths:4
Abyss: Depths:1 Depths:2 Depths:3
Pandemonium: Depths:2
Ziggurat: Depths:1

Annotations:
Depths:2 1 transporter


Innate Abilities, Weirdness & Mutations

You are immune to sickness and miasma.
You are immune to poison.
Your flesh is very heat resistant. (rF++)
You are vulnerable to cold. (rC-)
You float through the air rather than walking.
You learn spells naturally, not from books.
Your magical power is your life essence.
You have superior vitality. (+4 MHP)
Your muscles are strong. (Str +4, Int/Dex -1)


Message History

The death scarab bites your flying skull!!
Your flying skull is destroyed!
Your flying skull dissolves into shadows!
Your flying skull barely misses the emperor scorpion.
The royal mummy hits your mummy!
You swap places.
Your life is in your own hands again!
You block the death scarab's attack.
The death scarab bites your titan zombie!!
The death scarab drains your titan zombie's vigour!
Your titan zombie seems to slow down.
The death scarab completely misses your flying skull.
The anaconda zombie bites your titan zombie!
Your flying skull hits the anaconda zombie!
Your flying skull hits the death scarab!
Your flying skull barely misses the death scarab.
Your flying skull hits the anaconda zombie!
The emperor scorpion stings your flying skull!
The emperor scorpion claws your flying skull but does no damage.
The emperor scorpion barely misses your flying skull.
The emperor scorpion stings your flying skull.
The emperor scorpion claws your flying skull.
The emperor scorpion completely misses your flying skull.
The mummy priest hits your flying skull!
The shadow strikes at your flying skull from the darkness!
Your flying skull is destroyed!
Your flying skull dissolves into shadows!
The hellwing hits your flying skull!
The hellwing hits your flying skull but does no damage.
The mummy hits your titan zombie but does no damage.
The anaconda zombie grabs your flying skull.
The anaconda zombie bites your flying skull!
The anaconda zombie constricts your flying skull.
Your mummy barely misses the death scarab.
The royal mummy mumbles some strange words.
The royal mummy falters for a moment.
Your flying skull hits the anaconda zombie!
The royal mummy gestures at you while chanting.
Something smites you!
You die...

, *#.........##........*
,, *
.##........M##s....... *
......................
,,,,
*.^.........ss..#......*^
*.....[...MMMsBs##..... ,
,..........sssssz#.....
,,*
^,..........ssM3BsW.....*
, *
*,....(....sMBBMBB#..|..
.....)....MB4z@## ...* >*
, ..........(.ZzZ#,,, , ,
,,.........!..z..M.,, ,
.##...^.....##....., ,* ,
#.........##.......,* ,
,,,.^................., ,
, * , ,, .....$.
...##...^*,, * *,, ,*
...##, ...# ... *, , ,,,
,* , ,,, , ,, ,, ,


You could see 4 royal mummies, 14 emperor scorpions, a mummy priest, a sun demon
(summoned), a hellwing (summoned, ally target), 7 death scarabs, a shadow
(summoned, invisible), 3 mummies, an anaconda zombie (distracted, ally target),
4 friendly flying skulls, a friendly mummy (summoned) and a friendly titan
zombie (summoned, slow).

Vanquished Creatures
  Dissolution (Slime:1)
  A dread lich (Vaults:1)
  2 ancient liches (Crypt:3)
  2 royal mummies (Tomb:1)
  2 caustic shrikes (Depths:4)
  3 golden dragons
  Nikola (Shoals:2)
  The ghost of Pikuto the Slayer, an adept MiBe of Trog (Depths:2)
  A bone dragon (Depths:4)
  2 tentacled monstrosities (Vaults:5)
  The ghost of Esekla the Archmage, an adept DEWn of Vehumet (Vaults:4)
  3 liches
  Jorgrun (Snake:3)
  A deep elf blademaster (Elf:3)
  A shard shrike skeleton (Crypt:3)
  2 titans (Vaults:5)
  2 quicksilver dragons
  4 deep elf master archers
  6 sphinxes
  7 acid blobs
  13 ancient champions
  Polyphemus (Shoals:2)
  7 shadow dragons
  The ghost of Amuaxidi the Fencer, an adept FoCK of Xom (Shoals:3)
  A storm dragon (Vaults:5)
  Ilsuiw (Shoals:2)
  Donald (Shoals:2)
  Roxanne (Snake:4)
  Agnes (Snake:4)
  5 fire giants
  6 tengu reavers
  9 azure jellies
  3 revenants
  7 rockslimes
  5 nagarajas
  6 deep elf sorcerers
  Louise (Shoals:4)
  3 frost giants
  Aizul (Snake:3)
  8 vault wardens
  3 ghouls
  2 curse skulls
  4 deep elf elementalists (Elf:3)
  15 ironbound preservers
  5 orc warlords
  9 stone giants
  6 war gargoyles
  6 quicksilver oozes
  11 very ugly things
  8 ironbound thunderhulks
  6 spriggan defenders
  A vampire knight (Depths:1)
  A green draconian (Depths:4)
  7 deep elf demonologists
  12 dire elephants
  7 deep elf annihilators
  A purple draconian (Depths:4)
  A yellow draconian (Depths:4)
  2 spark wasps (Depths:2)
  4 ettins
  6 merfolk javelineers
  3 merfolk impalers
  A spectral quicksilver dragon (Depths:2)
  3 eidola
  A spectral golden dragon (Depths:2)
  Josephine (D:13)
  7 deep elf death magi
  7 mummy priests
  A fire dragon (Lair:5)
  2 crystal guardians
  12 yaktaur captains
  Fannar (D:10)
  3 great orbs of eyes
  2 entropy weavers
  A spectral kraken (Shoals:1)
  4 deep elf high priests
  2 spriggan zombies (Crypt:1)
  A rakshasa (Depths:1)
  6 salamander tyrants
  4 peacekeepers
  A spectral tengu (Depths:2)
  9 ironbound frosthearts
  4 hydras
  5 ice dragons
  2 spriggan skeletons
  25 vault guards
  2 ogre magi (Vaults:5)
  A catoblepas (Lair:1)
  2 merfolk avatars (Shoals:4)
  33 centaur warriors
  4 spriggan air magi (Depths:2)
  A fenstrider witch skeleton (Tomb:1)
  2 two-headed ogres (D:9)
  An alligator snapping turtle (Shoals:3)
  10 anacondas
  2 death knights
  Erica (Orc:1)
  26 dancing weapons
  6 merfolk aquamancers
  10 death scarabs (Tomb:1)
  4 satyrs
  2 tengu warriors (D:15)
  5 boulder beetles
  2 death yaks (Shoals:2)
  5 deep troll earth magi
  7 naga warriors
  2 deep troll shamans
  8 shock serpents
  8 spriggan berserkers
  2 vampire magi
  8 naga sharpshooters
  2 orc high priests (Orc:2)
  5 soul eaters
  20 deep elf knights
  6 hell knights
  6 iron trolls (Depths:3)
  2 skysharks
  A shadow wraith (Crypt:3)
  A titan skeleton (Vaults:4)
  Amaemon (D:8)
  28 skeletal warriors
  3 salamander mystics
  55 deep trolls
  Lodul (D:10)
  2 golden dragon zombies
  A death drake (shapeshifter) (Vaults:5)
  15 lindwurms
  7 sea snakes
  Pikel (D:9)
  3 flayed ghosts
  5 naga ritualists
  2 bog bodies
  A spriggan simulacrum (Crypt:1)
  A swamp dragon (Lair:3)
  7 phantasmal warriors
  21 ironbound convokers
  19 deep elf archers
  30 harpies
  6 wizards
  18 mana vipers
  19 orc knights
  17 deep elf zephyrmancers
  7 necromancers
  A shadow dragon skeleton (Crypt:2)
  2 shining eyes
  A steelbarb worm (shapeshifter) (Vaults:5)
  28 deep elf pyromancers
  11 orc sorcerers
  11 fauns
  29 ugly things
  15 salamanders
  10 cyclopes
  5 elephants (Lair:3)
  10 manticores
  5 guardian serpents
  A stone giant skeleton (Vaults:4)
  A fire giant skeleton (Vaults:2)
  4 water nymphs
  9 merfolk sirens
  36 black mambas
  An elephant (shapeshifter) (Elf:2)
  An orange demon (D:9)
  A shock serpent zombie (Crypt:3)
  21 vault sentinels
  18 naga magi
  A dire elephant zombie (Crypt:1)
  An ice statue (D:15)
  An eye of devastation (Slime:3)
  2 spectral sea snakes (Shoals:1)
  3 gargoyles
  8 cane toads
  2 torpor snails
  9 komodo dragons
  2 dire elephant skeletons
  An unseen horror (shapeshifter) (D:14)
  A white draconian zombie (Crypt:1)
  4 rime drakes
  An unseen horror zombie (Crypt:3)
  3 unseen horrors
  A steelbarb worm zombie (Crypt:1)
  4 tengu conjurers
  An efreet (D:14)
  26 yaktaurs
  An elephant slug zombie (Crypt:1)
  7 freezing wraiths
  9 guardian mummies
  A harpy zombie (Tomb:2)
  2 golden dragon simulacra (Depths:2)
  A death yak skeleton (Crypt:1)
  The ghost of Zonian the Covered, an amateur AtFi (D:4)
  5 meliai
  7 trolls
  34 merfolk
  Prince Ribbit (D:7)
  A tyrant leech (Lair:5)
  2 raiju (Lair:5)
  2 shadow dragon simulacra (Depths:2)
  13 wind drakes
  5 hornets
  Grinder (D:5)
  9 polar bears
  A sphinx simulacrum (Depths:2)
  A hornet (shapeshifter) (Elf:3)
  17 dream sheep
  A blink frog (Lair:4)
  94 slime creatures
  A harpy skeleton (Crypt:1)
  8 snapping turtles
  A fire dragon zombie (Crypt:3)
  6 flying skulls
  A slime creature (shapeshifter) (Elf:2)
  3 air elementals
  Sigmund (D:6)
  29 water elementals
  3 spriggans (Depths:2)
  2 shadows
  An ushabti (Tomb:1)
  2 large abominations (Depths:2)
  A culicivora (Vaults:1)
  A vampire (D:12)
  2 wyverns
  3 fire elementals
  A human (D:13)
  8 wraiths
  35 yaks
  A black mamba skeleton (Crypt:3)
  4 basilisks
  9 golden eyes (Slime:3)
  4 steam dragons
  2 chaos spawn (Depths:2)
  A death yak simulacrum (Shoals:4)
  9 vampire mosquitoes
  8 redbacks (D:13)
  Menkaure (D:7)
  3 sea snake simulacra (Shoals:4)
  4 wargs
  A naga zombie (Tomb:1)
  29 nagas
  A spectral snapping turtle (Shoals:1)
  12 water moccasins
  2 hydra simulacra (Lair:5)
  Duvessa (D:6)
  A floating eye (Slime:5)
  A glowing shapeshifter skeleton (Crypt:2)
  A swamp drake (Lair:3)
  27 orc warriors
  13 black bears
  2 ice beasts (D:8)
  A black bear (shapeshifter) (Elf:3)
  2 satyr simulacra (Shoals:4)
  7 small abominations (Depths:2)
  16 ogres
  17 wolves
  11 centaurs
  An ettin simulacrum (Vaults:2)
  A phantom (D:4)
  A dream sheep skeleton (Crypt:3)
  4 lemures (D:9)
  3 kobold brigands
  A salamander zombie (Crypt:2)
  8 bullfrogs
  5 earth elementals
  A faun simulacrum (Shoals:4)
  A gnoll sergeant (D:13)
  2 glowing shapeshifter simulacra (Depths:2)
  2 cane toad simulacra (Lair:5)
  A scorpion (D:5)
  5 merfolk simulacra (Shoals:4)
  A shapeshifter zombie (Crypt:1)
  3 wights (D:8)
  Dowan (D:6)
  A manticore simulacrum (Shoals:4)
  27 killer bees
  10 electric eels
  A polar bear skeleton (Crypt:2)
  A raiju skeleton (Crypt:1)
  A troll skeleton (Crypt:2)
  5 howler monkeys
  4 hounds
  A gnoll bouda (D:4)
  A jelly (Lair:5)
  Crazy Yiuf (D:7)
  23 orc priests
  2 sleepcaps (D:5)
  2 cyclops simulacra (Shoals:4)
  5 iguanas
  18 orc wizards
  10 hell rats
  A killer bee zombie (Crypt:3)
  2 centaur simulacra (Shoals:4)
  A tengu skeleton (Crypt:2)
  8 mummies
  14 gnolls
  7 adders
  A river rat (D:4)
  2 ufetubi (D:5)
  An adder skeleton (Crypt:3)
  3 worms
  2 dart slugs
  97 orcs
  6 ball pythons
  7 bats
  7 endoplasms
  4 giant cockroaches
  8 hobgoblins
  15 kobolds
  4 quokkas
  3 frilled lizards
  11 goblins
  A goblin skeleton (Crypt:2)
  A hobgoblin skeleton (Crypt:1)
  An orc zombie (Crypt:2)
  8 rats
  A river rat zombie (Crypt:2)
  2 butterflies (Lair:1)
  2 tentacles
1999 creatures vanquished.

Vanquished Creatures (collateral kills)
  the Royal Jelly (Slime:5)
  Mennas (Vaults:4)
  Vashnia (Snake:2)
  Margery (Depths:4)
  Saint Roka (Snake:4)
  A caustic shrike (Depths:4)
  A curse toe (Crypt:3)
  A golden dragon (Depths:4)
  the Enchantress (Depths:2)
  A tentacled monstrosity (Vaults:5)
  A lich (Depths:3)
  7 acid blobs
  2 titans (Vaults:5)
  2 quicksilver dragons
  An ancient champion (Crypt:1)
  Gastronok (D:9)
  The ghost of Dakuasitz the Severer, an adept FoFi of the Shining One (Shoals:1)
  2 shadow dragons
  2 tengu reavers
  4 sphinxes (Tomb:1)
  A revenant (Vaults:2)
  5 rockslimes
  3 nagarajas (Snake:4)
  4 fire giants
  10 azure jellies
  2 frost giants
  6 vault wardens
  A juggernaut zombie (Tomb:1)
  An orc warlord (Depths:3)
  3 quicksilver oozes
  5 ironbound preservers
  A curse skull (Crypt:3)
  A draconian annihilator (Depths:4)
  2 spriggan defenders (Depths:2)
  A caustic shrike zombie (Tomb:2)
  2 very ugly things
  6 stone giants
  A vampire knight (Crypt:1)
  A draconian stormcaller (Depths:4)
  A war gargoyle (Vaults:3)
  2 ironbound thunderhulks
  2 deep elf demonologists
  A white draconian (Depths:4)
  A deep elf annihilator (Elf:3)
  The ghost of Goih the Fighter, a journeyman MiHu of Gozag (Lair:5)
  4 dire elephants
  A spark wasp (Depths:2)
  2 eidola (Crypt:1)
  3 mummy priests (Tomb:1)
  4 ettins
  A merfolk javelineer (Shoals:4)
  5 yaktaur captains
  2 spectral spriggans (Depths:2)
  2 merfolk impalers
  3 great orbs of eyes
  A deep elf high priest (Elf:3)
  A jiangshi (Vaults:2)
  An ice dragon (Depths:3)
  2 fire dragons
  6 vault guards
  A rakshasa (Depths:3)
  2 ogre magi
  2 ironbound frosthearts
  3 anacondas
  A catoblepas (Shoals:2)
  A hydra (Lair:5)
  A spriggan skeleton (Tomb:1)
  5 centaur warriors
  A death knight (Crypt:2)
  2 two-headed ogres
  A deep troll earth mage (Depths:3)
  A deep troll shaman (Depths:3)
  3 naga warriors
  A tengu warrior (Depths:3)
  4 dancing weapons
  6 death scarabs (Tomb:1)
  An orc high priest (Orc:2)
  Urug (Lair:5)
  4 spriggan berserkers
  6 naga sharpshooters
  2 shock serpents
  3 deep elf knights
  3 iron trolls
  8 hell knights
  12 skeletal warriors
  A salamander mystic (Snake:2)
  11 deep trolls
  5 sea snakes
  3 flayed ghosts
  A kraken simulacrum (Shoals:4)
  4 naga ritualists
  2 phantasmal warriors
  3 bog bodies (Crypt:1)
  3 deep elf archers
  A lindwurm (Lair:5)
  2 harpies (shapeshifter) (Vaults:5)
  2 mana vipers
  3 ironbound convokers
  3 harpies
  A deep elf pyromancer (Elf:3)
  4 orc knights
  A deep elf zephyrmancer (Elf:2)
  A necromancer (Crypt:1)
  6 ugly things
  2 shining eyes (Slime:5)
  2 manticores
  An iron dragon skeleton (Crypt:1)
  4 merfolk sirens
  5 salamanders
  A large abomination (Depths:2)
  2 naga zombies
  A vault sentinel (Vaults:1)
  Joseph (D:9)
  5 torpor snails (Lair:5)
  An eye of devastation (Slime:1)
  3 guardian serpents (Snake:4)
  7 black mambas
  A gargoyle (D:11)
  8 naga magi
  3 cane toads (Lair:5)
  A kobold demonologist (D:12)
  5 yaktaurs
  A rime drake (Lair:5)
  2 freezing wraiths
  An efreet (D:14)
  A troll (D:12)
  6 guardian mummies
  6 merfolk
  3 tyrant leeches (Lair:5)
  A queen bee (D:13)
  A polar bear (shapeshifter) (D:13)
  A meliai (D:13)
  6 hornets
  A polar bear (Lair:5)
  2 dream sheep
  2 blink frogs (Lair:4)
  An iron dragon simulacrum (Depths:2)
  50 slime creatures
  3 wraiths
  2 vampires
  A flying skull (Tomb:1)
  3 water elementals
  4 spriggans
  5 yaks
  A golden eye (Slime:3)
  A basilisk (D:13)
  An ushabti (Tomb:1)
  A death yak simulacrum (Shoals:4)
  A fire elemental (Elf:1)
  A vampire mosquito (D:14)
  A sea snake simulacrum (Shoals:4)
  9 nagas
  4 wargs (Lair:5)
  A harpy simulacrum (Shoals:4)
  2 acid dragons
  A human simulacrum (Vaults:4)
  3 water moccasins
  13 hell hounds (Lair:5)
  A deep troll skeleton (Crypt:3)
  3 orc warriors
  2 black bears (Lair:5)
  A black mamba simulacrum (Lair:5)
  A two-headed ogre skeleton (Crypt:1)
  A swamp dragon zombie (Crypt:1)
  A human zombie (Vaults:2)
  5 wolves (Lair:5)
  3 ogres
  A centaur (D:14)
  An elf zombie (Crypt:1)
  A yaktaur zombie (Crypt:1)
  Blork the orc (D:6)
  3 bullfrogs
  A merfolk simulacrum (Shoals:4)
  A small abomination (Depths:2)
  3 killer bees (D:9)
  4 electric eels
  A jelly (Lair:5)
  4 orc priests (Orc:2)
  A cyclops simulacrum (Shoals:4)
  4 orc wizards
  2 hell rats (Lair:5)
  A boggart simulacrum (D:14)
  4 mummies (Tomb:1)
  A gnoll (D:13)
  8 orcs
  An endoplasm (Lair:5)
  A rat skeleton (Crypt:2)
  10 foxfires
535 creatures vanquished.

Vanquished Creatures (others)
  A merfolk siren (Shoals:4)
  2 water elementals (Elf:1)
  A bullfrog (Lair:2)
  1919 foxfires
  7 tentacles
1930 creatures vanquished.

Grand Total: 4464 creatures vanquished

Notes
Turn   | Place    | Note
-------+----------+-------------------------------------------
     0 | D:1      | unlimited1921 the Djinni Fire Elementalist began the quest
                  | for the Orb.
     0 | D:1      | unlimited1921 set off with the following spells memorised:
                  | Foxfire, Scorch, Volatile Blastmotes, Inner Flame, Flame
                  | Wave.
     0 | D:1      | Reached XP level 1. HP: 15/15 MP: 0/0
   205 | D:1      | Reached XP level 2. HP: 19/21 MP: 0/0
  2349 | D:1      | Reached XP level 3. HP: 22/25 MP: 0/0
  2349 | D:1      | Learned a level 1 spell: Shock
  3341 | D:2      | Reached XP level 4. HP: 27/31 MP: 0/0
  4943 | D:2      | Found a faded altar of an unknown god.
  4947 | D:2      | Found a glowing golden altar of the Shining One.
  5739 | D:3      | Reached XP level 5. HP: 32/35 MP: 0/0
  5739 | D:3      | Learned a level 2 spell: Passwall
  6598 | D:4      | Noticed a phantom
  6606 | D:4      | Killed a phantom
  6607 | D:4      | Reached XP level 6. HP: 16/40 MP: 0/0
  6765 | D:4      | Found a white marble altar of Elyvilon.
  7013 | D:4      | Identified the +2 falchion of Tokosur {flame, Str+2}
  7699 | D:4      | Found a staircase to the Ecumenical Temple.
  7705 | D:4      | Found a runed translucent door.
  7717 | Temple   | Entered the Ecumenical Temple
  7734 | Temple   | Became a worshipper of Ashenzari the Shackled
  8041 | D:4      | Noticed Zonian's ghost (amateur AtFi)
  8050 | D:4      | Reached skill level 5 in Spellcasting
  8050 | D:4      | Reached XP level 7. HP: 28/45 MP: 0/0
  8050 | D:4      | Learned a level 2 spell: Call Imp
  8081 | D:4      | Killed Zonian's ghost
  8208 | D:4      | Found a runed translucent door.
  8302 | D:4      | Found a snail-covered altar of Cheibriados.
  8508 | D:5      | Entered Level 5 of the Dungeon
  8621 | D:5      | Reached skill level 1 in Long Blades
  8621 | D:5      | Reached XP level 8. HP: 46/51 MP: 0/0
  8933 | D:5      | Reached skill level 1 in Fighting
  9096 | D:5      | Noticed Grinder
  9100 | D:5      | Killed Grinder
  9113 | D:5      | Reached XP level 9. HP: 38/57 MP: 0/0
  9113 | D:5      | Learned a level 3 spell: Portal Projectile
  9499 | D:5      | Found an opulent altar of Gozag.
  9794 | D:6      | Noticed Blork the orc
  9800 | D:6      | Killed Blork the orc
  9842 | D:6      | Noticed Dowan
  9843 | D:6      | Noticed Duvessa
  9847 | D:6      | Killed Duvessa
  9847 | D:6      | Killed Dowan
  9946 | D:6      | Found an ornate altar of the Wu Jian Council.
 10559 | D:6      | Noticed Sigmund
 10565 | D:6      | Killed Sigmund
 11025 | D:6      | Found a shimmering altar of Xom.
 11247 | D:7      | Noticed Prince Ribbit
 11258 | D:7      | Killed Prince Ribbit
 11801 | D:7      | Reached skill level 1 in Ranged Weapons
 11810 | D:7      | Reached XP level 10. HP: 58/64 MP: 0/0
 11900 | D:7      | Noticed Menkaure
 11905 | D:7      | Killed Menkaure
 11906 | D:7      | Reached skill level 1 in Axes
 12258 | D:7      | Found a runed translucent door.
 12259 | D:7      | Noticed Crazy Yiuf
 12267 | D:7      | Killed Crazy Yiuf
 12800 | D:7      | Reached * piety under Ashenzari
 12886 | D:8      | Reached skill level 1 in Shields
 12892 | D:8      | Noticed a rime drake
 12898 | D:8      | Killed a rime drake
 12899 | D:8      | Reached skill level 10 in Spellcasting
 13169 | D:8      | Found a staircase to the Lair.
 13838 | D:8      | Found a stormy altar of Qazlal.
 13975 | D:8      | Found a blossoming altar of Fedhas.
 14198 | Lair:1   | Entered Level 1 of the Lair of Beasts
 14247 | Lair:1   | Noticed a rime drake
 14424 | Lair:1   | Killed a rime drake
 14425 | Lair:1   | Reached XP level 11. HP: 64/71 MP: 0/0
 14425 | Lair:1   | Learned a level 5 spell: Blade Hands
 14533 | Lair:1   | Identified the cursed +0 pair of gloves of Ashenzari's
                  | Regret {Self, Melee} (You found it on level 4 of the
                  | Dungeon)
 14533 | Lair:1   | Identified the cursed +0 kite shield "Cosmic Bitterness"
                  | {Self, Cun} (You found it on level 6 of the Dungeon)
 14621 | Lair:1   | Noticed a catoblepas
 14789 | Lair:1   | Killed a catoblepas
 14790 | Lair:1   | Reached skill level 1 in Unarmed Combat
 15048 | Lair:1   | Reached ** piety under Ashenzari
 15855 | Lair:1   | Reached skill level 2 in Shields
 16332 | Lair:2   | Found a staircase to the Shoals.
 16368 | Lair:2   | Reached skill level 5 in Dodging
 16604 | Lair:2   | Reached XP level 12. HP: 72/79 MP: 0/0
 16744 | Lair:2   | Reached *** piety under Ashenzari
 17213 | Lair:3   | Noticed a swamp dragon
 17220 | Lair:2   | Reached skill level 3 in Shields
 17923 | Lair:3   | Killed a swamp dragon
 18860 | Lair:3   | Found a staircase to the Snake Pit.
 19175 | Lair:5   | Entered Level 5 of the Lair of Beasts
 19643 | Lair:4   | Reached XP level 13. HP: 61/87 MP: 0/0
 19643 | Lair:4   | Learned a level 5 spell: Summon Mana Viper
 19915 | Lair:4   | Identified a scroll of acquirement
 19930 | Lair:4   | Acquired the +3 Elemental Staff {rElec rF+ rC+ AC+3}
 19930 | Lair:4   | Found the +3 Elemental Staff {rElec rF+ rC+ AC+3}
 20895 | Lair:4   | Reached skill level 15 in Spellcasting
 21060 | Lair:5   | Reached skill level 4 in Shields
 21381 | Lair:5   | Noticed Urug
 21387 | Lair:5   | Killed Urug
 21486 | Lair:5   | Found a runed translucent gate.
 21487 | Lair:5   | Found a runed translucent gate.
 21490 | Lair:5   | Found a runed translucent gate.
 21497 | Lair:5   | Noticed an eight-headed hydra
 21503 | Lair:5   | Killed an eight-headed hydra
 21548 | Lair:5   | Noticed a seven-headed hydra
 21554 | Lair:5   | Noticed Goih's ghost (journeyman MiHu)
 21557 | Lair:5   | Killed a seven-headed hydra
 21572 | Lair:5   | Noticed a seven-headed hydra
 21580 | Lair:5   | Killed a seven-headed hydra
 21750 | Lair:5   | Identified the ring of Ycowest {rN+ MP+9}
 21846 | Lair:5   | Found a runed translucent door.
 21847 | Lair:5   | Found a viscous altar of Jiyva.
 21847 | Lair:5   | Found a staircase to the Slime Pits.
 22310 | Lair:5   | Found a runed translucent door.
 22310 | Lair:5   | Noticed a fire dragon
 22409 | Lair:5   | Reached **** piety under Ashenzari
 23136 | Lair:5   | Reached XP level 14. HP: 78/96 MP: 0/0
 24597 | Lair:5   | Identified the ring "Ixohiol" {Fire Will+ Int+2}
 24730 | Lair:5   | Killed Goih's ghost
 25484 | D:9      | Noticed Amaemon
 25493 | D:8      | Killed Amaemon
 25810 | D:9      | Noticed Pikel
 25818 | D:9      | Killed Pikel
 26470 | D:9      | Noticed Gastronok
 26490 | D:9      | Killed Gastronok
 26509 | D:9      | Noticed Joseph
 26764 | D:9      | Killed Joseph
 27270 | D:10     | Entered Level 10 of the Dungeon
 27275 | D:10     | Noticed Lodul
 27277 | D:10     | Killed Lodul
 27798 | D:10     | Noticed Fannar
 27809 | D:10     | Killed Fannar
 27996 | D:10     | Found a sacrificial altar of Ru.
 28038 | D:10     | Reached skill level 5 in Stealth
 28045 | D:10     | Reached XP level 15. HP: 61/101 MP: 0/0
 28045 | D:10     | Learned a level 6 spell: Iron Shot
 28870 | D:11     | Found a gate leading to a gauntlet.
 29068 | D:11     | Reached skill level 1 in Staves
 29181 | D:11     | Reached skill level 5 in Shields
 31526 | D:12     | Found a staircase to the Orcish Mines.
 31729 | D:12     | Found Anetonuf's General Store.
 31732 | D:12     | Found Bap Fuud's Specific Store.
 32270 | D:13     | Reached ***** piety under Ashenzari
 32281 | D:13     | Reached skill level 1 in Armour
 32688 | D:13     | Found a gate to the Vaults.
 33491 | D:13     | Noticed Josephine
 33497 | D:13     | Killed Josephine
 33751 | D:14     | Reached skill level 6 in Shields
 34183 | D:14     | Reached XP level 16. HP: 88/111 MP: 0/0
 35196 | D:15     | Entered Level 15 of the Dungeon
 36239 | D:15     | Found a sparkling altar of Nemelex Xobeh.
 36605 | D:15     | Found a staircase to the Depths.
 37775 | Orc:1    | Entered Level 1 of the Orcish Mines
 37985 | Orc:2    | Entered Level 2 of the Orcish Mines
 37985 | Orc:2    | Found Doofif's Assorted Antiques.
 38121 | Orc:2    | Bought a scroll of poison for 148 gold pieces
 38186 | Orc:2    | Found a staircase to the Elven Halls.
 38199 | Orc:2    | Found Mishruci's Armour Shoppe.
 38295 | Orc:2    | Bought a +1 cloak for 184 gold pieces
 38546 | Orc:2    | Reached skill level 7 in Shields
 39601 | Orc:2    | Found Verghosenn's General Store.
 39602 | Orc:2    | Found Pofe's Jewellery Boutique.
 39604 | Orc:2    | Found Radwes's Antique Armour Boutique.
 39604 | Orc:2    | Found Birpham's Antique Weapon Shop.
 39688 | Orc:2    | Bought an amulet of the acrobat for 360 gold pieces
 39772 | Orc:2    | Found Orecw's Magic Scroll Emporium.
 39780 | Orc:2    | Bought a scroll of magic mapping for 105 gold pieces
 39780 | Orc:2    | Bought a scroll of teleportation for 42 gold pieces
 39780 | Orc:2    | Bought a scroll of fear for 56 gold pieces
 39780 | Orc:2    | Bought a scroll of teleportation for 42 gold pieces
 39780 | Orc:2    | Bought a scroll of enchant armour for 105 gold pieces
 39822 | Orc:2    | Found Ges Xif's Weapon Shoppe.
 40031 | Orc:2    | Bought a pair of glowing gloves for 195 gold pieces
 40031 | Orc:2    | Bought a pair of embroidered gloves for 195 gold pieces
 40105 | Elf:1    | Entered Level 1 of the Elven Halls
 40110 | Elf:1    | Reached XP level 17. HP: 112/117 MP: 0/0
 40110 | Elf:1    | Learned a level 6 spell: Dispersal
 40436 | Elf:1    | Reached skill level 5 in Armour
 41931 | Elf:2    | Found a runed translucent gate.
 41945 | Elf:2    | Found a runed translucent gate.
 41945 | Elf:2    | Found a runed translucent gate.
 42030 | Elf:2    | Reached skill level 8 in Shields
 42116 | Elf:2    | Paralysed by an air elemental for 1 turns
 43062 | Elf:2    | Reached XP level 18. HP: 91/123 MP: 0/0
 43152 | Elf:2    | Reached skill level 10 in Dodging
 43577 | Elf:3    | Entered Level 3 of the Elven Halls
 43970 | Elf:3    | Identified the ring of Deorohepn {Fly rElec rC- MP+9 SInv}
 43970 | Elf:3    | Noticed a deep elf master archer
 43978 | Elf:3    | Killed a deep elf master archer
 44013 | Elf:3    | Identified the +0 gold dragon scales of Dogmatism {rElec
                  | rPois rF+ rC+ Int+2}
 44013 | Elf:3    | Noticed a deep elf blademaster
 44023 | Elf:3    | Killed a deep elf blademaster
 44049 | Elf:3    | Identified the +7 long sword "Imotou Hupro" {flame, MP+9
                  | Int+2}
 44758 | Elf:3    | Identified the ring of the Devil's Advocate {Drain Fly
                  | Slay+4 SInv Stlth-}
 44758 | Elf:3    | Noticed a deep elf master archer
 44779 | Elf:3    | Killed a deep elf master archer
 45134 | Elf:3    | Reached skill level 9 in Shields
 45477 | Elf:3    | Identified the +0 bardiche of the Beast {holy, Int+2}
 45557 | Elf:3    | Identified Doireubraq's Verses on Bloody Hail
 45557 | Elf:3    | Identified the Excursus on the Retinue
 45577 | Elf:3    | Identified the Textbook on Gloom
 45577 | Elf:3    | Identified the Catalogue of Puissant Imprecation
 45580 | Elf:3    | Identified the staff of cold "Etaxzai" {Fly rElec rC+ Int+3
                  | Dex-2}
 45582 | Elf:3    | Identified the staff of air "Ryckuonu" {rElec rC+ rCorr
                  | Int-2}
 45585 | Elf:3    | Identified the Incunable of Interference and Correspondence
 45836 | Elf:3    | Identified the +7 arbalest of Youthful Indiscretion {penet,
                  | rF+ rN+ Will+}
 46570 | Orc:2    | Bought a scroll of magic mapping for 105 gold pieces
 46916 | Orc:1    | Found Denkas's Antique Armour Shoppe.
 46985 | Orc:1    | Noticed Erica
 46992 | Orc:1    | Killed Erica
 47559 | Depths:1 | Entered Level 1 of the Depths
 47610 | Depths:1 | Found a one-way gateway to a ziggurat.
 47637 | Depths:1 | Found Niq Mywk's Armour Emporium.
 47659 | Depths:1 | Reached XP level 19. HP: 100/126 MP: 0/0
 47659 | Depths:1 | Learned a level 6 spell: Starburst
 47817 | Depths:1 | Reached skill level 1 in Evocations
 47901 | Depths:1 | Found a one-way gate to the infinite horrors of the Abyss.
 47990 | Depths:2 | Found Cyosi's Magic Scroll Boutique.
 48352 | Depths:1 | Found a gateway to Hell.
 49059 | Depths:1 | Found a glowing golden altar of the Shining One.
 49092 | Depths:1 | Found a burning altar of Makhleb.
 49633 | Depths:2 | Found a transporter.
 49658 | Depths:2 | Noticed a lich
 49664 | Depths:2 | Reached skill level 10 in Shields
 49801 | Depths:2 | Found Rostrena's Distillery.
 50554 | Depths:2 | Bought a potion of brilliance for 56 gold pieces
 50554 | Depths:2 | Bought a potion of curing for 42 gold pieces
 50554 | Depths:2 | Bought 2 potions of haste for 280 gold pieces
 50554 | Depths:2 | Bought a potion of brilliance for 56 gold pieces
 50554 | Depths:2 | Bought a potion of curing for 42 gold pieces
 50641 | Depths:2 | Found a runed translucent gate.
 50700 | Depths:2 | Identified the +3 robe of the Teaching Gods {Slay+2}
 50789 | Depths:2 | Found a runed translucent gate.
 50791 | Depths:2 | Found a runed translucent gate.
 50938 | Depths:2 | Reached skill level 10 in Armour
 50969 | Depths:2 | Bought a scroll of enchant weapon for 105 gold pieces
 52022 | Shoals:1 | Entered Level 1 of the Shoals
 52212 | Shoals:1 | Reached ****** piety under Ashenzari
 52639 | Shoals:1 | Reached XP level 20. HP: 126/136 MP: 0/0
 52670 | Shoals:1 | Identified the +9 glaive of Ashenzari's Envy {freeze, rPois
                  | Dex+3}
 52671 | Shoals:1 | Noticed Dakuasitz's ghost (adept FoFi)
 52681 | Shoals:1 | Identified the ring "Effurcha" {Wiz Fly rF+ Dex+3}
 52685 | Shoals:1 | Identified the ring of Rentoi {Contam +Blink rN+ Dex+5
                  | Stlth-}
 52685 | Shoals:1 | Found the brooch of Shielding {Spirit SH+8}
 52740 | Shoals:1 | Reached skill level 5 in Evocations
 52966 | Shoals:1 | Found a transporter.
 52968 | Shoals:1 | Found a transporter.
 53006 | Shoals:2 | Reached skill level 11 in Shields
 53059 | Shoals:2 | Noticed Nikola
 53060 | Shoals:2 | Reached skill level 10 in Stealth
 53068 | Shoals:2 | Killed Nikola
 53315 | Shoals:2 | Noticed Donald
 53319 | Shoals:2 | Killed Donald
 53383 | Shoals:2 | Noticed Ilsuiw
 53476 | Shoals:2 | Killed Ilsuiw
 53830 | Shoals:2 | Identified the +0 helmet of the Untouchables {rElec rC+}
 54002 | Shoals:2 | Noticed Polyphemus
 54021 | Shoals:2 | Killed Polyphemus
 54597 | Shoals:3 | Reached skill level 12 in Shields
 55210 | Shoals:3 | Found a runed translucent gate.
 55210 | Shoals:3 | Found a runed translucent gate.
 55210 | Shoals:3 | Found a runed translucent gate.
 55215 | Shoals:3 | Noticed Amuaxidi's ghost (adept FoCK)
 55467 | Shoals:3 | Killed Amuaxidi's ghost
 55550 | Shoals:4 | Entered Level 4 of the Shoals
 55617 | Shoals:4 | Identified the +7 hand axe "Woet" {freeze, rPois Str+4}
 55622 | Shoals:4 | Found a runed translucent gate.
 55622 | Shoals:4 | Found a runed translucent gate.
 55622 | Shoals:4 | Found a runed translucent gate.
 55830 | Shoals:4 | Noticed Louise
 55841 | Shoals:4 | Killed Louise
 55958 | Shoals:4 | Found Lucherch's Armour Boutique.
 55961 | Shoals:4 | Bought a +2 cloak of preservation for 322 gold pieces
 56787 | Shoals:4 | Reached skill level 13 in Shields
 56820 | Shoals:4 | Identified the ring "Wiasmav" {rC+ Will+}
 56908 | Shoals:4 | Reached XP level 21. HP: 134/141 MP: 0/0
 56908 | Shoals:4 | Learned a level 7 spell: Spellforged Servitor
 56996 | Shoals:4 | Identified the ring "Oqovoon" {rC+ rCorr Str+6 Dex+2}
 57050 | Shoals:4 | Got a barnacled rune of Zot
 58075 | Shoals:1 | Killed Dakuasitz's ghost
 58279 | Shoals:1 | You are sucked into a shaft and drop 1 floor!
 58449 | Snake:1  | Entered Level 1 of the Snake Pit
 59608 | Snake:1  | Identified the +2 robe "Lam Mur" {rPois rCorr Int-2}
 59618 | Snake:1  | Reached skill level 14 in Shields
 61174 | Snake:2  | Noticed Vashnia
 61200 | Snake:2  | Killed Vashnia
 61469 | Snake:3  | Noticed Jorgrun
 61479 | Snake:3  | Killed Jorgrun
 61597 | Snake:3  | Reached XP level 22. HP: 122/148 MP: 0/0
 62020 | Snake:3  | Identified the staff of air "Onyeziav" {rElec rPois rN+
                  | Str-5 Dex+4}
 62336 | Snake:4  | Entered Level 4 of the Snake Pit
 62338 | Snake:4  | Noticed Saint Roka
 62472 | Snake:4  | Noticed Aizul
 62479 | Snake:3  | Reached skill level 15 in Shields
 62480 | Snake:3  | Killed Aizul
 63580 | Snake:4  | Noticed Agnes
 63586 | Snake:4  | Killed Agnes
 63705 | Snake:4  | Acquired 436 gold pieces
 64125 | Snake:4  | Killed Saint Roka
 64243 | Snake:4  | Got a serpentine rune of Zot
 64354 | Snake:4  | Identified Roxanne's Vellum of Permutations
 64354 | Snake:4  | Noticed Roxanne
 64361 | Snake:4  | Killed Roxanne
 65055 | Slime:1  | Entered Level 1 of the Pits of Slime
 65059 | Slime:1  | Reached skill level 16 in Shields
 65343 | Slime:2  | Noticed Dissolution
 65350 | Slime:1  | Killed Dissolution
 65398 | Slime:1  | Reached skill level 15 in Dodging
 65678 | Slime:2  | Reached XP level 23. HP: 127/156 MP: 0/0
 65678 | Slime:2  | Learned a level 7 spell: Storm Form
 65834 | Slime:1  | Identified the cursed +0 troll leather armour "Tethered
                  | Seeker" {Regen+, Self, Cun} (You found it on level 12 of
                  | the Dungeon)
 66465 | Slime:1  | Gained mutation: You have hidden genetic defects. [a
                  | shining eye]
 67549 | Slime:3  | Gained mutation: You are occasionally teleported next to
                  | monsters. [a shining eye]
 67553 | Slime:3  | Gained mutation: You occasionally lose the ability to read
                  | scrolls when taking damage. [a shining eye]
 68181 | Slime:4  | Gained mutation: You are frail. (-10% HP) [hidden defects]
 68605 | Slime:5  | Entered Level 5 of the Pits of Slime
 68632 | Slime:5  | Gained mutation: Your skin changes colour to match your
                  | surroundings (Stealth+). [a shining eye]
 68886 | Slime:5  | Paralysed by a floating eye for 4 turns
 68942 | Slime:5  | Noticed the Royal Jelly
 68962 | Slime:5  | Killed the Royal Jelly
 68964 | Slime:5  | HP: 3/130 [rockslime[the Royal Jelly] (20)]
 69372 | Slime:5  | Reached skill level 5 in Unarmed Combat
 69505 | Slime:5  | Gained mutation: You are clumsy. (Dex -2) [hidden defects]
 69505 | Slime:5  | Lost mutation: You have hidden genetic defects. [hidden
                  | defects expressed]
 69910 | Slime:5  | Identified the staff of cold "Eptudgh" {rC+ rN+ Will+
                  | Int+2}
 69912 | Slime:5  | Identified Bujur's Lost Volume of Boris
 69915 | Slime:5  | Found the +8 demon blade "Leech" {evervamp, Harm Drain rN+}
 69915 | Slime:5  | Identified the +4 spear "Spiderbane" {flame, Dex+4}
 69916 | Slime:5  | Identified the Secrets of the Iron Iceberg
 70049 | Slime:5  | Got a slimy rune of Zot
 72764 | Orc:1    | You are sucked into a shaft and drop 1 floor!
 73061 | Elf:3    | Identified the +0 ring mail of Shadows and Fog {rElec Str+3
                  | Int-5}
 73785 | Orc:2    | Bought 2 potions of brilliance for 296 gold pieces
 73981 | D:14     | You are sucked into a shaft and drop 1 floor!
 74413 | D:15     | Lost mutation: Your skin changes colour to match your
                  | surroundings (Stealth+). [potion of mutation]
 74413 | D:15     | Lost mutation: You are occasionally teleported next to
                  | monsters. [potion of mutation]
 74413 | D:15     | Gained mutation: You are partially covered in iridescent
                  | scales. (AC +2) [potion of mutation]
 74413 | D:15     | Gained mutation: You expend health (3 HP) to strengthen
                  | your wands. [potion of mutation]
 74414 | D:15     | Lost mutation: You occasionally lose the ability to read
                  | scrolls when taking damage. [potion of mutation]
 74414 | D:15     | Lost mutation: You are partially covered in iridescent
                  | scales. (AC +2) [potion of mutation]
 74414 | D:15     | Lost mutation: You are clumsy. (Dex -2) [potion of
                  | mutation]
 74414 | D:15     | Gained mutation: Your spells are a little easier to cast,
                  | but a little less powerful. [potion of mutation]
 74414 | D:15     | Gained mutation: You occasionally lose the ability to read
                  | scrolls when taking damage. [potion of mutation]
 74415 | D:15     | Lost mutation: You expend health (3 HP) to strengthen your
                  | wands. [potion of mutation]
 74415 | D:15     | Lost mutation: You occasionally lose the ability to read
                  | scrolls when taking damage. [potion of mutation]
 74415 | D:15     | Lost mutation: Your spells are a little easier to cast, but
                  | a little less powerful. [potion of mutation]
 74415 | D:15     | Gained mutation: You possess an exceptional clarity of
                  | mind. [potion of mutation]
 74415 | D:15     | Gained mutation: Your muscles are strong. (Str +4, Int/Dex
                  | -1) [potion of mutation]
 74416 | D:15     | Lost mutation: You are frail. (-10% HP) [potion of
                  | mutation]
 74416 | D:15     | Lost mutation: Your muscles are strong. (Str +4, Int/Dex
                  | -1) [potion of mutation]
 74416 | D:15     | Lost mutation: You possess an exceptional clarity of mind.
                  | [potion of mutation]
 74416 | D:15     | Gained mutation: Your muscles are strong. (Str +4, Int/Dex
                  | -1) [potion of mutation]
 75013 | Depths:2 | Found Hett's Book Boutique.
 75089 | Depths:2 | Found a one-way gate leading to the halls of Pandemonium.
 75193 | Depths:2 | Found Goereoll's Weapon Shop.
 75292 | Depths:2 | Found a hazy altar of Hepliaklqana.
 75327 | Depths:2 | Noticed Pikuto's ghost (adept MiBe)
 75327 | Depths:2 | Identified the Catalogue of Subzero Ill Luck
 75327 | Depths:2 | Identified the +0 cloak of Deturch {rElec Will++ Regen+
                  | MP-9}
 75360 | Depths:2 | Noticed the Enchantress
 75393 | Depths:2 | Killed the Enchantress
 75394 | Depths:2 | Reached skill level 15 in Armour
 76092 | Depths:2 | Killed Pikuto's ghost
 76216 | Depths:3 | Reached skill level 17 in Shields
 76216 | Depths:3 | Reached XP level 24. HP: 141/162 MP: 0/0
 76224 | Depths:3 | Noticed a golden dragon
 76233 | Depths:3 | Killed a golden dragon
 76600 | Depths:3 | Reached skill level 10 in Evocations
 77007 | Depths:3 | Found a runed translucent door.
 77845 | Depths:3 | Found a runed translucent door.
 77845 | Depths:3 | Identified the +2 battleaxe of the Six Spirits {freeze,
                  | Int+3 SInv Stlth+}
 77955 | Depths:4 | Entered Level 4 of the Depths
 78178 | Depths:4 | Noticed a caustic shrike
 78180 | Depths:4 | Noticed a caustic shrike
 78182 | Depths:4 | Noticed a caustic shrike
 78185 | Depths:4 | Killed a caustic shrike
 78197 | Depths:4 | Killed a caustic shrike
 78202 | Depths:4 | Killed a caustic shrike
 78382 | Depths:4 | Noticed Margery
 78436 | Depths:4 | Killed Margery
 78437 | Depths:4 | Reached skill level 18 in Shields
 79113 | Depths:4 | Found a gate to the Realm of Zot.
 79122 | Depths:4 | Noticed a golden dragon
 79137 | Depths:4 | Killed a golden dragon
 79264 | Depths:4 | Reached skill level 5 in Fighting
 79800 | Vaults:1 | Entered Level 1 of the Vaults
 80050 | Vaults:1 | Reached XP level 25. HP: 158/168 MP: 0/0
 80050 | Vaults:1 | Learned a level 8 spell: Discord
 80345 | Vaults:1 | Noticed a dread lich
 80376 | Vaults:1 | Killed a dread lich
 81327 | Vaults:1 | Found Enini's Weapon Shoppe.
 81805 | Vaults:1 | Reached skill level 19 in Shields
 82352 | Vaults:2 | Found Mopeffuh's Distillery.
 82659 | Vaults:2 | Bought a potion of curing for 51 gold pieces
 82659 | Vaults:2 | Bought a potion of curing for 51 gold pieces
 82659 | Vaults:2 | Bought 2 potions of curing for 102 gold pieces
 82659 | Vaults:2 | Bought a potion of curing for 51 gold pieces
 82659 | Vaults:2 | Bought a potion of heal wounds for 85 gold pieces
 82687 | Vaults:2 | Found Ivveisas's Assorted Antiques.
 82864 | Vaults:2 | Bought a scroll of blinking for 232 gold pieces
 82864 | Vaults:2 | Bought a pair of embroidered gloves for 232 gold pieces
 82884 | Vaults:2 | Identified the +1 pair of gloves of Valour {Harm Str+3
                  | Stlth+}
 83031 | Vaults:2 | Found a staircase to the Crypt.
 83341 | Vaults:2 | Found Wumpuzar's Magic Scroll Shoppe.
 83432 | Vaults:2 | Bought a scroll of enchant armour for 105 gold pieces
 83432 | Vaults:2 | Bought a scroll of fog for 56 gold pieces
 83432 | Vaults:2 | Bought a scroll of silence for 133 gold pieces
 83432 | Vaults:2 | Bought a scroll of fog for 56 gold pieces
 83704 | Vaults:2 | Found Bolel's General Store.
 83806 | Vaults:2 | Reached skill level 20 in Shields
 84255 | Vaults:3 | Reached XP level 26. HP: 135/174 MP: 0/0
 86083 | Vaults:4 | Found Kesieb's Armour Shoppe.
 86307 | Vaults:4 | Reached skill level 21 in Shields
 86542 | Vaults:4 | Identified the +3 great sword of the Mind {speed, Str+3
                  | Int+3}
 87196 | Vaults:4 | Found Bibig's Magic Scroll Shoppe.
 87205 | Vaults:4 | Bought a scroll of summoning for 114 gold pieces
 87205 | Vaults:4 | Bought a scroll of poison for 48 gold pieces
 87205 | Vaults:4 | Bought a scroll of enchant armour for 90 gold pieces
 87495 | Vaults:4 | Found Wawnoipt's General Store.
 87507 | Vaults:4 | Bought a scroll of blinking for 105 gold pieces
 87507 | Vaults:4 | Bought a potion of curing for 42 gold pieces
 87815 | Vaults:4 | Identified the cursed +2 pair of gloves "I Knew You'd Do
                  | That" {Cun, Evo} (You bought it in a shop on level 2 of the
                  | Vaults)
 87914 | Vaults:4 | Found a runed translucent door.
 87914 | Vaults:4 | Noticed Esekla's ghost (adept DEWn)
 87924 | Vaults:4 | Killed Esekla's ghost
 88027 | Vaults:5 | Entered Level 5 of the Vaults
 88027 | Vaults:5 | Noticed Mennas
 88457 | Vaults:4 | Killed Mennas
 88758 | Vaults:5 | Reached skill level 22 in Shields
 88945 | Vaults:5 | Reached XP level 27. HP: 160/181 MP: 0/0
 88945 | Vaults:5 | Learned a level 9 spell: Death's Door
 89095 | Vaults:5 | Identified Sif Muna's Grimoire of Destined Outbursts
 89353 | Vaults:5 | Identified the +10 chain mail "Ymill" {*Slow Dex+8 Stlth+}
 89955 | Vaults:5 | Identified the staff of poison "Ujaleow" {rPois Will+ Int+3
                  | Dex+3}
 90309 | Vaults:5 | Reached skill level 23 in Shields
 90445 | Vaults:5 | Identified the +4 dagger "Puodad" {holy, rC+ rN+ Str+8
                  | Int-2}
 90475 | Vaults:5 | Identified the +9 morningstar of Courage {drain, *Rage
                  | rElec rC++ MP+9}
 90692 | Vaults:5 | Identified the +9 glaive of the Nice God {flame, Str+3}
 90692 | Vaults:5 | Identified the +8 chain mail of Gidem {Int+2}
 90808 | Vaults:5 | Identified the staff of cold "Era Rim" {*Slow rElec rC+
                  | Int+2}
 90844 | Vaults:5 | Identified the Lectures on Ashes and Doom
 90845 | Vaults:5 | Identified the staff of air "Vethos" {Contam rElec Int+2
                  | Dex+3}
 90894 | Vaults:5 | Got a silver rune of Zot
 90997 | Vaults:5 | Identified the +1 dagger "Ezaocyesk" {spect, rF+ Str+3}
 91101 | Vaults:5 | Identified the +1 robe "Guteudohy" {*Slow rF+++}
 91450 | Vaults:5 | Found Fihex's Jewellery Shop.
 92162 | D:15     | Acquired a manual of Fighting
 92556 | Vaults:5 | Bought a ring of positive energy for 260 gold pieces
 92556 | Vaults:5 | Bought a +4 ring of protection for 468 gold pieces
 94147 | Crypt:1  | Entered Level 1 of the Crypt
 96573 | Crypt:3  | Entered Level 3 of the Crypt
 96583 | Crypt:2  | Reached skill level 24 in Shields
 97277 | Crypt:3  | Identified the +0 morningstar of the Dancing Dove {spect,
                  | rC+ rCorr}
 97277 | Crypt:3  | Identified Kikubaaqudgha's Commentary on Dark Deeds
 97277 | Crypt:3  | Identified the +5 morningstar of Namamol {flame, rC+ Int+5
                  | Dex+3}
 97278 | Crypt:3  | Identified the staff of poison "Yxzas" {rPois rF++ Will-
                  | Dex+4}
 97278 | Crypt:3  | Identified the +1 ring mail of Resilience {Contam rC++
                  | Will++}
 97917 | Crypt:3  | Found a staircase to the Tomb.
 98461 | Crypt:3  | Noticed an ancient lich
 98563 | Crypt:3  | Killed an ancient lich
 98612 | Crypt:3  | Noticed an ancient lich
 98617 | Crypt:3  | Killed an ancient lich
100899 | Tomb:1   | Entered Level 1 of the Tomb of the Ancients
101897 | Tomb:1   | Noticed a royal mummy
102229 | Tomb:1   | Killed a royal mummy
103914 | Tomb:2   | Noticed a royal mummy
103915 | Tomb:2   | Noticed a royal mummy
103915 | Tomb:2   | Noticed a royal mummy
103916 | Tomb:2   | Noticed a royal mummy
103917 | Tomb:2   | Noticed a royal mummy
103926 | Tomb:2   | HP: 3/175 [royal mummy/divine providence (12)]
104318 | Tomb:1   | Killed a royal mummy
104403 | Tomb:2   | Killed from afar by a royal mummy

Illustrated notes

Levels and vault maps discovered:
D:1:      dpeg_arrival_pond, layout_basic, minmay_misc_feat_hallway,
          minmay_misc_feat_encased, minmay_liquid_box
D:2:      minmay_diamond_boxcup, layout_basic, basic_altar,
          chequers_ecumenical_altar_simple_redux, dreamdust_wishing_well,
          kennysheep_decorative_pillar
D:3:      layout_basic
D:4:      layout_basic, nicolae_overflow_squiral, cheibrodos_worm_habitat,
          minmay_temple_entry_statues_fountains, ebering_ghost_sewer_f
D:5:      layout_rooms, marbit_many_paths, uniq_grinder
D:6:      layout_rooms, brannock_xom_greatest_gift,
          mainiacjoe_overflow_tiny_flanked, uniq_blork_the_orc, uniq_duvessa,
          uniq_sigmund
D:7:      layout_loops_ring, enter_bailey_4, uniq_crazy_yiuf_cottage,
          uniq_prince_ribbit1, uniq_menkaure
D:8:      layout_rooms, kennysheep_mini,
          mainiacjoe_overflow_concentric_impassable, hellmonk_lair_entry_icy
D:9:      layout_rooms, grunt_decor_arrowhead, hangedman_abyss_or_decor_clamps,
          chequers_serial_rivers_micro_c, uniq_joseph, uniq_pikel,
          uniq_gastronok, uniq_amaemon
D:10:     layout_small_grid, nicolae_ru_great_annihilating_truth,
          serial_bayou_lake_a, uniq_fannar, uniq_lodul
D:11:     layout_cave_pods, gauntlet_entry_generic
D:12:     layout_long_grid, hiddenorc2_lemuel, nicolae_specific_store
D:13:     layout_roguey [special_room_bee], grunt_vaults_entry_fortified,
          drop_trap, grunt_ministairs_12, uniq_josephine
D:14:     minmay_inside_and_out, layout_small_grid, nrook_mini_vaults
D:15:     grunt_enter_depths_hoard, layout_cave_pools,
          portal_ice_cave_entry_ice_statue_one, serial_bayou,
          serial_bayou_shore_a, serial_bayou_lagoon_a, serial_bayou_crossing,
          serial_bayou_lagoon_b, nemelex_diamond_rough_becter
Temple:   compressed_dpeg_triangle_lava_temple
Lair:1:   layout_loops_ring, lemuel_fruit_fields
Lair:2:   layout_loops_ring, minmay_shoals_entry_centaurs
Lair:3:   layout_loops_ring, nicolae_snake_entry_squirm, pond
Lair:4:   layout_long_grid
Lair:5:   hangedman_lair_caniforms_friends, layout_loops_ring, wormcave,
          slime_entry_2, gammafunk_ghost_icy, st_stairs_13, uniq_urug
Shoals:1: layout_shoals, ebering_ghost_davey_jones
Shoals:2: layout_shoals, uniq_ilsuiw, uniq_polyphemus, uniq_donald, uniq_nikola
Shoals:3: layout_shoals, ebering_ghost_rock_garden, nzn_prometheus_bound
Shoals:4: shoals_end_hangedman, layout_shoals, serial_shops,
          nicolae_shop_real_fake_doors, nicolae_shoals_beach_cooler, uniq_louise
Snake:1:  layout_basic, nicolae_snake_lava_pool
Snake:2:  layout_cave_town, uniq_vashnia
Snake:3:  layout_onion, nicolae_snake_springs, grunt_megastairs_5, uniq_jorgrun
Snake:4:  snake_hunt, layout_onion, st_stairs_9, uniq_agnes, uniq_aizul,
          uniq_roxanne, uniq_saint_roka
Slime:1:  layout_caves
Slime:2:  layout_caves, dissolution_awaits
Slime:3:  layout_caves
Slime:4:  layout_caves
Slime:5
Orc:1:    layout_caves, serial_shops, nicolae_diamond_shop, uniq_erica
Orc:2:    st_orc_congregation, layout_caves, serial_shops, shop,
          nicolae_shop_stone, nicolae_shop_rolling_square, shop
Elf:1:    layout_loops_ring, evilmike_minifort
Elf:2:    nicolae_elf_blades_splatter_lattice [nicolae_blade_tridents],
          layout_onion_city
Elf:3:    minmay_elf_hall_curves, layout_onion_city, st_stairs_7
Vaults:1: nicolae_vaults_hexular_roomagon, nicolae_vaults_house_2,
          vaults_room_pools, nicolae_vaults_you_can_take_it_with_you,
          nicolae_vaults_layer_cake_slice, hangedman_vaults_variations,
          nicolae_vaults_trapezoid_1, nicolae_vaults_trapezoid_layered,
          ontoclasm_vaults_ligature, nicolae_vaults_sesquioval_fish,
          nicolae_vaults_trapezoid_lopsided_1, v_misc_3, ontoclasm_vaults_chip,
          hangedman_vaults_capsules, hangedman_vaults_slice, layout_vaults_ring,
          serial_shops, nicolae_shop_just_a_little_nook
Vaults:2: nicolae_vaults_trapezoid_lopsided_3, st_more_cells, v_misc_24,
          v_pattern_5, nicolae_vaults_cornered_office, vaults_room_boxed,
          minmay_crypt_entry_simple_plaza, v_misc_2, vaults_dpeg_cross,
          nicolae_vaults_house_3, nicolae_vaults_surprise_closet,
          vaults_dpeg_spiral, v_misc_22, nicolae_vaults_more_shelving_1,
          nicolae_vaults_double_plus_1, layout_vaults_omnibox, serial_shops,
          shop, shop_fountains, shop, shop
Vaults:3: nicolae_vaults_trapezoid_3, hangedman_vaults_hat,
          nicolae_vaults_stepped_doors, hangedman_vaults_cutoff,
          vaults_standard_mumra_lines, ontoclasm_vaults_spin,
          nicolae_vaults_trapezoid_layered, hangedman_vaults_cutoff,
          nicolae_vaults_trapezoid_lopsided_1, vaults_dpeg_emergency_exit,
          nicolae_vaults_cochlea, nicolae_vaults_tetromino_L_1,
          nicolae_vaults_layer_cake_slice, layout_vaults_big_cross
Vaults:4: ebering_ghost_inner_flame, grunt_vaults_hallway_long,
          hangedman_vaults_trim, nicolae_vaults_storage_closets_1,
          dpeg_vaults_hating_casters, v_misc_17, vaults_mumra_minichess,
          nicolae_vaults_trapezoid_2, nicolae_vaults_taking_the_gang_shopping,
          layout_vaults_quadrants, serial_shops,
          nicolae_shop_competitors_out_of_business, nicolae_shop_tiny_glass
Vaults:5: uniq_mennas
Crypt:1:  layout_misc_corridors
Crypt:2:  layout_gridlike
Crypt:3:  david_glass_crypt, layout_chaotic_city, tomb_entry_shell_bobbens
Tomb:1
Tomb:2
Depths:1: dreamdust_merry_men, layout_basic, enter_ziggurat_e,
          minmay_misc_feat_iff, hangedman_coc_ice_floe, serial_shops, shop,
          abyss_entry_crystal, nzn_life_drinkers
Depths:2: gammafunk_sealed_library, layout_gridlike, gammafunk_ghost_necromancy,
          minmay_room_of_horrors, nicolae_hepliaklqana_hippocampus,
          grunt_pan_entry_spiral, hangedman_geh_valley, serial_shops,
          nicolae_shop_tiny_waterfront, shop, shop, nicolae_shop_crystal,
          minmay_staircase_windowed_large, serial_bayou_shore_b,
          uniq_enchantress
Depths:3: cheibrodos_witchhunters_guild, layout_cave_shapes,
          nicolae_abyss_entry_one_way_or_another, nicolae_two_hexagons,
          pf_hell_entry_tar_spiral
Depths:4: evilmike_zot_entry_round, layout_cave_pools, minmay_misc_feat_square,
          grunt_metal_band, nicolae_figureground_sparkle, serial_bayou_shore_b

Skill      XL: |  1  2  3  4  5  6  7  8  9 10 11 12 13 14 15 16 17 18 19 20 21 22 23 24 25 26 27 |
---------------+----------------------------------------------------------------------------------+-----
Spellcasting   | 3 4 5 7 9 10 12 14 15 17 18 19 20 | 20.9
Stealth        | 2 3 4 5 6 8 9 10 11 12 13 | 13.7
Long Blades    | 1 2 |  2.1
Fighting       | 1 2 3 4 5 6 |  6.5
Dodging        | 3 5 6 7 8 9 10 12 13 14 15 17 18 19 21 | 21.8
Ranged Weapons | 1 |  1.4
Axes           | 1 |  1.5
Shields        | 1 2 3 4 6 7 8 9 10 13 14 16 17 18 20 22 24 | 24.3
Unarmed Combat | 1 5 |  5.5
Staves         | 1 2 3 |  3.7
Armour         | 2 4 6 7 10 11 12 13 15 16 17 18 | 18.5
Evocations     | 4 6 8 9 10 11 12 13 | 13.5

Action                     |  1- 3 |  4- 6 |  7- 9 | 10-12 | 13-15 | 16-18 | 19-21 | 22-24 | 25-27 || total
---------------------------+-------+-------+-------+-------+-------+-------+-------+-------+-------++-------
  Melee: Broad axe         |       |    10 |     7 |    12 |       |       |       |       |       ||    29
         Falchion          |       |     5 |     7 |       |       |       |       |       |       ||    12
         Punch             |       |       |     1 |       |       |       |       |     6 |       ||     7
         Unarmed           |       |       |       |    10 |       |       |       |   177 |     5 ||   192
         Staff             |       |       |       |       |    86 |    24 |    17 |    17 |    62 ||   206
   Fire: Shortbow          |       |       |     6 |       |       |       |       |       |       ||     6
   Cast: Foxfire           |    85 |    90 |   111 |   128 |   301 |   269 |    95 |    21 |     7 ||  1107
         Scorch            |     4 |    12 |    29 |   114 |   153 |   100 |    91 |    24 |   120 ||   647
         Inner Flame       |       |    11 |    22 |    70 |   185 |   158 |   124 |   102 |   134 ||   806
         Call Imp          |       |       |    17 |    58 |    54 |    34 |    17 |     5 |     2 ||   187
         Portal Projectile |       |       |     3 |     4 |     1 |    17 |     5 |     5 |    12 ||    47
         Flame Wave        |       |       |     3 |    17 |    12 |     2 |       |       |       ||    34
         Shock             |       |       |       |    13 |     4 |     2 |       |       |       ||    19
         Blade Hands       |       |       |       |     3 |       |       |       |       |       ||     3
         Volatile Blastmot |       |       |       |     2 |     1 |       |       |       |    19 ||    22
         Summon Mana Viper |       |       |       |       |   162 |   164 |   150 |   157 |   144 ||   777
         Iron Shot         |       |       |       |       |    58 |   259 |   326 |   247 |   585 ||  1475
         Dispersal         |       |       |       |       |       |     4 |     1 |       |    14 ||    19
         Starburst         |       |       |       |       |       |       |   117 |    53 |   109 ||   279
         Spellforged Servi |       |       |       |       |       |       |    26 |    96 |   150 ||   272
         Storm Form        |       |       |       |       |       |       |       |    16 |     1 ||    17
         Death's Door      |       |       |       |       |       |       |       |       |     4 ||     4
         Passwall          |       |       |       |       |       |       |       |       |     3 ||     3
 Invoke: Curse Item        |       |       |     1 |     4 |     2 |     1 |     3 |     3 |     1 ||    15
         Shatter the Chain |       |       |       |       |       |     1 |     2 |     3 |     1 ||     7
Ability: Blinkbolt         |       |       |       |       |       |       |       |     1 |       ||     1
  Evoke: Wand              |       |       |       |       |     5 |       |       |     3 |     8 ||    16
         Lightning rod     |       |       |       |       |       |       |       |       |     1 ||     1
    Use: Scroll            |       |     5 |     3 |     4 |     3 |     4 |     4 |     4 |    17 ||    44
         Potion            |       |       |       |     1 |     5 |     5 |     5 |    14 |    13 ||    43
   Stab: Sleeping          |       |     1 |     3 |       |       |       |       |       |     1 ||     5
         Paralysed         |       |       |       |       |     2 |       |       |       |       ||     2
         Distracted        |       |       |       |       |       |       |       |     5 |     1 ||     6
 Armour: Robe              |     1 |     8 |    10 |       |       |       |       |       |       ||    19
         Steam dragon scal |       |       |       |    45 |    47 |       |       |       |       ||    92
         Troll leather arm |       |       |       |       |    27 |    16 |    45 |    29 |       ||   117
         Skin              |       |       |       |       |       |       |       |    62 |       ||    62
         Acid dragon scale |       |       |       |       |       |       |       |    17 |    88 ||   105
  Dodge: Dodged            |     3 |    16 |    23 |    89 |   152 |    80 |   169 |   409 |   271 ||  1212
  Block: Kite shield       |       |       |     6 |    66 |   147 |    84 |   147 |    44 |       ||   494
         Tower shield      |       |       |       |       |       |       |       |   133 |   705 ||   838
